 Dungeon Crawl Stone Soup version 0.25.0-11-g1f837a76a1 (webtiles) character file.

Game seed: 6292460943697478438

132 Kold the Insei (level 5, -2/33 HPs)
             Began as an Octopode Transmuter on June 24, 2020.
             Slain by a gnoll
             ... wielding a +0 halberd
              (5 damage)
             ... on level 3 of the Dungeon.
             The game lasted 00:03:39 (3059 turns).

Kold the Insei (Octopode Transmuter)                Turns: 3059, Time: 00:03:40

Health: -2/33      AC:  1    Str:  9    XL:     5   Next: 15%
Magic:  8/8        EV:  9    Int: 17    God:
Gold:   162        SH:  0    Dex: 12    Spells: 7/8 levels left

rFire    . . .     SeeInvis .     - Unarmed
rCold    . . .     Gourm    .   (no shield)
rNeg     . . .     Faith    .   (helmet restricted)
rPois    +         Spirit   .   (no amulet)
rElec    .         Reflect  .   h - ring of poison resistance
rCorr    .         Harm     .   i - -4 ring of evasion (curse)
MR       .....                  (no ring)
Stlth    +++.......             (no ring)
HPRegen  0.11/turn              (no ring)
MPRegen  0.11/turn              (no ring)
                                (no ring)
                                (no ring)

@: flying
A: almost no armour, stealthy swim, amphibious, 8 rings, constrict 8, camouflage
1, gelatinous body 1
a: no special abilities


You were on level 3 of the Dungeon.
You were hungry.

You visited 1 branch of the dungeon, and saw 3 of its levels.

You collected 162 gold pieces.

Inventory:

Missiles
 a - 29 arrows
Jewellery
 h - a ring of poison resistance (left tentacle)
 i - a cursed -4 ring of evasion (right tentacle)
Scrolls
 b - a scroll of fear
 d - a scroll of immolation
 e - 4 scrolls of identify
 f - a scroll of enchant weapon {unknown}
 j - a scroll of magic mapping {unknown}
 k - a scroll of teleportation {unknown}
 m - a scroll of enchant armour {unknown}
Potions
 g - a potion of heal wounds {unknown}
 l - a potion of flight
Comestibles
 c - 4 rations


   Skills:
 - Level 1.0 Fighting
 - Level 2.0 Dodging
 - Level 2.0 Stealth
 + Level 4.3 Unarmed Combat
 - Level 2.0 Spellcasting
 + Level 3.7 Transmutations


You had 7 spell levels left.
You knew the following spells:

 Your Spells              Type           Power        Failure   Level  Hunger
a - Beastly Appendage     Tmut           ##....       4%          1    #......

Your spell library contained the following spells:

 Spells                   Type           Power        Failure   Level  Hunger
 Sticks to Snakes         Tmut           ##......     6%          2    ###....
 Spider Form              Tmut/Pois      #.........   26%         3    ###....
 Ice Form                 Ice/Tmut       #.......     65%         4    #####..
 Blade Hands              Tmut           ##........   75%         5    ######.


Dungeon Overview and Level Annotations

Branches:
Dungeon (3/15)

Altars:
Hepliaklqana
Nemelex Xobeh
Ru


Innate Abilities, Weirdness & Mutations

You cannot wear most types of armour.
You are very stealthy in the water. (Stealth+)
You are amphibious.
You can wear up to eight rings at the same time.
You can use your tentacles to constrict eight enemies at once.
Your skin changes colour to match your surroundings (Stealth+).
Your rubbery body absorbs attacks. (AC +1, EV +1)


Message History

You constrict the gnoll. The goblin hits you.
The gnoll hits you with a +0 spear. The gnoll barely misses you.
You tentacle-slap the gnoll but do no damage.
The gnoll is severely wounded.
You constrict the gnoll. The goblin hits you.
The gnoll hits you with a +0 spear!
* * * LOW HITPOINT WARNING * * *
The gnoll barely misses you.
You tentacle-slap the gnoll but do no damage.
You squeeze the gnoll, but do no damage.
The gnoll is severely wounded.
You constrict the gnoll. The goblin barely misses you.
The gnoll struggles to escape constriction.
The gnoll hits you.
* * * LOW HITPOINT WARNING * * *
It was a potion of flight.
You feel very buoyant.
You fly up into the air.
You constrict the gnoll.
The gnoll hits you from afar with a +0 halberd.
You die...

# ..# #.# .. #< #.# #.# ## ##
#. #.# #.# ##. #. #.# #.###.#
##.## #.#####.##.##
#!..####.........##
#.#............##.##
#.g.............##.#
##.@###########.###. #gg# #.#
#. #.g# ######.###.
###########..######...)......
#..........?....)............
#.#########.#.#####...######.
#)# #.#.# ###)# #. #.# #.#.#
#.# #. #.# #.#.# #.# ##


You could see 3 gnolls and a goblin.

Vanquished Creatures
  An orc priest (D:3)
  Terence (D:2)
  2 adders (D:2)
  An ooze (D:2)
  A worm (D:3)
  2 leopard geckos
  7 orcs (D:3)
  A ball python (D:1)
  3 bats
  3 giant cockroaches (D:1)
  2 goblins (D:2)
  5 hobgoblins
  4 kobolds
  3 quokkas
  2 frilled lizards (D:3)
  5 rats
43 creatures vanquished.

Notes
Turn   | Place    | Note
-------+----------+-------------------------------------------
     0 | D:1      | Kold the Octopode Transmuter began the quest for the Orb.
     0 | D:1      | Reached XP level 1. HP: 13/13 MP: 3/3
   151 | D:1      | Reached skill level 1 in Stealth
   298 | D:1      | Reached XP level 2. HP: 18/18 MP: 3/5
   712 | D:2      | Found a hazy altar of Hepliaklqana.
   744 | D:2      | Reached XP level 3. HP: 16/23 MP: 6/6
  1191 | D:2      | Found a sacrificial altar of Ru.
  1263 | D:2      | Noticed Terence
  1272 | D:2      | HP: 1/23 [Terence/cursed -2 trident (3)]
  1274 | D:2      | Killed Terence
  1274 | D:2      | Reached XP level 4. HP: 1/28 MP: 5/7
  1594 | D:2      | Found a faded altar of an unknown god.
  2341 | D:3      | Found a sparkling altar of Nemelex Xobeh.
  2348 | D:3      | Reached skill level 4 in Unarmed Combat
  2711 | D:3      | Reached XP level 5. HP: 23/33 MP: 8/8
  3059 | D:3      | Slain by a gnoll

Illustrated notes

Levels and vault maps discovered:
D:1:      lemuel_arrival_behind_the_door_large, layout_basic
D:2:      wander_river, layout_loops_ring, lemuel_doored_altar,
          old_standard_altar, chequers_ecumenical_altar_island, minivault_27,
          grunt_ministairs_2, st_stairs_12, uniq_terence
D:3:      layout_loops_ring, nemelex_xobeh_ov_fountains_minmay

Skill      XL: |  1  2  3  4 |
---------------+-------------+-----
Stealth        | 1 2 |  2.0
Transmutations | 3 |  3.7
Unarmed Combat | 4 |  4.3
Fighting       | |  1.0
Dodging        | |  2.0
Spellcasting   | |  2.0

Action                   |  1- 3 |  4- 6 || total
-------------------------+-------+-------++-------
Melee: Unarmed           |    70 |    41 ||   111
       Constrict         |    15 |    13 ||    28
       Kick              |     9 |     7 ||    16
       Tentacles         |     8 |     9 ||    17
       Punch             |     2 |     2 ||     4
 Cast: Beastly Appendage |     7 |     5 ||    12
  Use: Scroll            |     2 |       ||     2
       Potion            |       |     1 ||     1
 Stab: Sleeping          |     6 |     3 ||     9
  Eat: Chunk             |     1 |     5 ||     6
Armor: Skin              |     4 |       ||     4
Dodge: Dodged            |    40 |    18 ||    58
